 Dungeon Crawl Stone Soup version 0.28-a0-535-g6f645e4c1d (webtiles) character file.

Game seed: 18163862318799629188

119 ytrimaz the Skirmisher (level 4, -1/37 HPs)
             Began as a Demonspawn Monk on Sept 27, 2021.
             Slain by Grinder (8 damage)
             ... while paralysed by Grinder
             ... on level 3 of the Dungeon.
             The game lasted 00:04:50 (3105 turns).

ytrimaz the Skirmisher (Demonspawn Monk)            Turns: 3105, Time: 00:04:50

Health: -1/37      AC:  6    Str: 12    XL:     4   Next: 74%
Magic:  4/4        EV:  2    Int: 14    God:
Gold:   39         SH:  0    Dex: 15    Spells: 3/3 levels left

rFire   . . .      SeeInvis .     - Unarmed
rCold   + . .      Faith    .   (no shield)
rNeg    . . .      Spirit   .   d - +1 leather armour {rC+}
rPois   .          Reflect  .   (helmet restricted)
rElec   .          Harm     .   (no cloak)
rCorr   .          Rampage  .   e - +0 pair of gloves
Will    .....      Rnd*Tele +   (no boots)
Stlth   ++........              (no amulet)
HPRegen 0.12/turn               (no ring)
MPRegen 0.09/turn               (no ring)

@: paralysed
A: talons 2, horns 1, clever 1, shaggy fur 1, teleportitis 1
a: no special abilities


You were on level 3 of the Dungeon.
You visited 1 branch of the dungeon, and saw 3 of its levels.

You collected 105 gold pieces.
You spent 66 gold pieces at shops.

Inventory:

Hand Weapons
 f - a +2 dagger of venom
Armour
 d - a +1 leather armour of cold resistance (worn)
 e - a +0 pair of gloves (worn)
Scrolls
 a - a scroll of identify
 g - a scroll of amnesia
Potions
 b - a potion of curing
 h - a potion of might {unknown}
 i - a potion of flight {unknown}
 k - a potion of heal wounds


   Skills:
 * Level 3.8 Fighting
 + Level 1.0 Armour
 * Level 3.7 Dodging
 - Level 1.7 Stealth
 + Level 3.5 Unarmed Combat


You had 3 spell levels left.
You didn't know any spells.
Your spell library contained the following spells:

 Spells                   Type           Power      Damage    Failure   Level
 Magic Dart               Conj           0%         1d3       36%         1
 Call Imp                 Summ           0%         N/A       50%         2
 Passwall                 Tmut/Erth      0%         N/A       50%         2
 Mephitic Cloud           Conj/Pois/Air  0%         N/A       73%         3
 Swiftness                Air            0%         N/A       73%         3
 Invisibility             Hex            0%         N/A       100%        6


Dungeon Overview and Level Annotations

Branches:
Dungeon (3/15)

Altars:
Okawaru
Xom

Shops:
D:3 (!=

Annotations:
D:3 Grinder


Innate Abilities, Weirdness & Mutations

You have razor-sharp toenails.
You have a pair of small horns on your head.
Your mind is acute. (Int +2)
You are covered in fur. (AC +1)
You are occasionally teleported next to monsters.


Message History

Grinder comes into view.
Grinder shouts!
Grinder is nearby!
Grinder gestures at you.
You barely resist.
Sorry, you're not good enough to have a special ability.
You don't know any spells.
It was a potion of curing.
You feel better.
It was a potion of mutation.
You feel extremely strange. A pair of horns grows on your head!
You feel weirdly uncertain. Fur sprouts all over your body.
You feel clever. Grinder gestures at you. Pain shoots through your body!
You hit Grinder but do no damage. You claw Grinder, but do no damage.
Your headbutt misses Grinder. Grinder hits you.
You writhe in agony.
You closely miss Grinder. Grinder misses you.
You hit Grinder but do no damage. Your kick misses Grinder. Grinder hits you!
You writhe in agony.
You barely miss Grinder. You hit Grinder. You headbutt Grinder.
Grinder is lightly wounded.
Grinder gestures at you. Pain shoots through your body!
* * * LOW HITPOINT WARNING * * *
You completely miss Grinder. You headbutt Grinder, but do no damage.
Grinder is lightly wounded.
Grinder hits you but does no damage.
You barely miss Grinder. Your headbutt misses Grinder.
Grinder is lightly wounded.
Grinder closely misses you.
You barely miss Grinder. You claw Grinder. You headbutt Grinder.
Grinder is moderately wounded.
Grinder gestures at you.
You suddenly lose the ability to move!
Grinder hits you.
* * * LOW HITPOINT WARNING * * *
You writhe in agony.
* * * LOW HITPOINT WARNING * * *
Grinder hits you!
You die...

... #+# #.####
...# #.# #.#
#...# #.# #.#
##.## #.# ##...##
#.#
#.....######.#
#...##......#
.#.###5###.######
#.......@...<#
#.#.###.###.##
#.# ### #.# #.#
#.# ######### #.#
#........ #.#
#.######.
#.#########.####
#.


You could see Grinder.

Vanquished Creatures
  5 adders
  2 worms (D:3)
  2 dart slugs (D:3)
  6 ball pythons
  5 endoplasms
  2 giant cockroaches
  8 goblins
  9 hobgoblins
  2 quokkas (D:2)
  7 bats
  4 frilled lizards
  11 kobolds
  3 rats
66 creatures vanquished.

Notes
Turn   | Place    | Note
-------+----------+-------------------------------------------
     0 | D:1      | ytrimaz the Demonspawn Monk began the quest for the Orb.
     0 | D:1      | Reached XP level 1. HP: 18/18 MP: 1/1
   244 | D:1      | Gained mutation: You have sharp toenails. [demonic
                  | ancestry]
   244 | D:1      | Reached XP level 2. HP: 24/24 MP: 2/2
   703 | D:1      | Found a faded altar of an unknown god.
  1420 | D:2      | Reached XP level 3. HP: 28/29 MP: 3/3
  2199 | D:3      | Found Dysholodgh's Weapon Shoppe.
  2252 | D:3      | Gained mutation: You have razor-sharp toenails. [demonic
                  | ancestry]
  2252 | D:3      | Reached XP level 4. HP: 36/36 MP: 4/4
  2358 | D:3      | Found an iron altar of Okawaru.
  2404 | D:3      | Found Miut's Distillery.
  2414 | D:3      | Bought a potion of degeneration for 11 gold pieces
  2414 | D:3      | Bought a potion of heal wounds for 55 gold pieces
  2562 | D:3      | Found Koof Dyu's Jewellery Shop.
  2609 | D:3      | Found a shimmering altar of Xom.
  2855 | D:3      | Reached skill level 1 in Armour
  3089 | D:3      | Noticed Grinder
  3094 | D:3      | Gained mutation: You have a pair of small horns on your
                  | head. [potion of mutation]
  3094 | D:3      | Gained mutation: You are occasionally teleported next to
                  | monsters. [potion of mutation]
  3094 | D:3      | Gained mutation: You are covered in fur. (AC +1) [potion of
                  | mutation]
  3094 | D:3      | Gained mutation: Your mind is acute. (Int +2) [potion of
                  | mutation]
  3103 | D:3      | Paralysed by Grinder for 4 turns
  3105 | D:3      | Slain by Grinder

Illustrated notes

Levels and vault maps discovered:
D:1:      shiori_shiawase, layout_rooms, hellmonk_ecumenical_altar_blasted,
          minmay_misc_feat_doors
D:2:      layout_rooms, grunt_ministairs_1, st_stairs_5
D:3:      kennysheep_goblin_castle, layout_loops_corners, lemuel_crystal_altar,
          tgw_xom, serial_shops, shop, nicolae_lakefront_shop, shop,
          minmay_misc_feat_hallway, uniq_grinder

Skill      XL: |  1  2  3  4 |
---------------+-------------+-----
Dodging        | 3 |  3.7
Unarmed Combat | 3 |  3.5
Armour         | 1 |  1.0
Fighting       | |  3.8
Stealth        | |  1.7

Action                   |  1- 3 |  4- 6 || total
-------------------------+-------+-------++-------
Melee: Unarmed           |   115 |    69 ||   184
       Kick              |    26 |    21 ||    47
       Punch             |     1 |       ||     1
       Dagger            |     9 |       ||     9
       Headbutt          |       |     3 ||     3
  Use: Scroll            |     3 |     2 ||     5
       Potion            |       |     2 ||     2
 Stab: Sleeping          |     3 |     1 ||     4
       Distracted        |       |     1 ||     1
Armor: Robe              |    17 |       ||    17
       Leather armour    |    23 |    17 ||    40
Dodge: Dodged            |    92 |    39 ||   131

Table legend: (Time is in decaauts)
 A = Elapsed time spent in this place.
 B = Non-inter-level travel time spent in this place.
 C = Inter-level travel time spent in this place.
 D = Time resting spent in this place.
 E = Time spent auto-exploring this place.
 F = Levels seen in this place.
 G = Mean time per level.
                   A        B        C        D        E       F      G
               +--------+--------+--------+--------+--------+-----+--------+
         Total |   3098 |   3085 |     13 |    686 |   1735 |   3 | 1032.7 |
       Dungeon |   3098 |   3085 |     13 |    686 |   1735 |   3 | 1032.7 |
               +--------+--------+--------+--------+--------+-----+--------+

Top non-repeatable levels by time:
     D:1: 1352 daAuts
     D:3: 919 daAuts
     D:2: 826 daAuts
